 Dungeon Crawl Stone Soup version 0.29.0-11-gd7f09526c8 (webtiles) character file.

Game seed: 10615263309596065054

63163 sanka the Black Belt (level 14, -4/125 HPs)
             Began as a Yellow Draconian Monk on Sept 3, 2022.
             Was the Champion of the Shining One.
             Slain by a spark wasp (17 damage)
             ... on level 1 of the Depths.
             The game lasted 00:43:41 (20216 turns).

sanka the Black Belt (Yellow Draconian Monk)       Turns: 20216, Time: 00:43:42

Health: -4/125     AC: 17    Str: 14    XL:     14   Next: 67%
Magic:  19/23      EV: 23    Int: 14    God:    the Shining One [******]
Gold:   689        SH:  0    Dex: 15    Spells: 16/21 levels left

rFire   . . .      SeeInvis .     - Unarmed
rCold   . . .      Faith    .   (shield currently unavailable)
rNeg    + + +      Spirit   .   (body armour unavailable)
rPois   .          Reflect  .   (helmet restricted)
rElec   .          Harm     .   x - +0 cloak
rCorr   +          Rampage  .   (gloves currently unavailable)
Will    +....                   (no boots)
Stlth   +.........              H - amulet of regeneration
HPRegen 1.10/turn               T - ring of the Tortoise {AC+8}
MPRegen 0.18/turn               N - +4 ring of evasion

@: blade hands, glowing, studying 2 skills
A: spit acid, AC +8, unfitting armour, acidic bite, cold-blooded, acid
resistance
a: Breathe Acid, End Transformation, Renounce Religion, Divine Shield, Cleansing
Flame, Summon Divine Warrior, Brand Weapon With Holy Wrath


You were on level 1 of the Depths.
You worshipped the Shining One.
The Shining One was exalted by your worship.
You had blades for hands.
You visited 2 branches of the dungeon, and saw 17 of its levels.

You collected 1869 gold pieces.
You spent 1180 gold pieces at shops.


Innate Abilities, Weirdness & Mutations

You have blades for hands.
Your spellcasting is less reliable in this form.
You are incapable of wielding weapons or throwing items.
You can spit globs of acid.
Your golden yellow scales are hard. (AC +8)
You cannot fit into any form of body armour.
You have acidic saliva.
You are cold-blooded and may be slowed by cold attacks.
You are resistant to acid. (rCorr)


   Skills:
 + Level 11.7 Fighting
 + Level 13.0 Dodging
 - Level 1.7 Stealth
 + Level 16.3 Unarmed Combat
 - Level 4.0 Spellcasting
 + Level 12.1 Transmutations
 + Level 12.3 Invocations


You had 16 spell levels left.
You knew the following spells:

 Your Spells              Type           Power      Damage    Failure   Level
z - Blade Hands           Tmut           18%        N/A       28%         5

Your spell library contained the following spells:

 Spells                   Type           Power      Damage    Failure   Level
 Scorch                   Fire           4%         2d5       71%         2
 Static Discharge         Conj/Air       2%         3-4/arc   71%         2
 Yara's Violent Unravell  Hex/Tmut       9%         3d6       82%         5
 Confusing Touch          Hex            2%         N/A       87%         3
 Gell's Gravitas          Tloc           2%         N/A       87%         3
 Ozocubu's Armour         Ice            2%         N/A       87%         3
 Portal Projectile        Hex/Tloc       4%         N/A       87%         3
 Summon Guardian Golem    Hex/Summ       2%         N/A       87%         3
 Teleport Other           Tloc           2%         N/A       87%         3
 Tukima's Dance           Hex            2%         N/A       87%         3
 Animate Dead             Necr           2%         N/A       99%         4
 Flame Wave               Conj/Fire      2%         2d4       99%         4
 Borgnjor's Vile Clutch   Necr/Erth      1%         N/A       100%        5
 Lightning Bolt           Conj/Air       1%         1d12      100%        5
 Metabolic Englaciation   Hex/Ice        1%         N/A       100%        5
 Death Channel            Necr           1%         N/A       100%        6
 Dispersal                Tloc           1%         N/A       100%        6
 Simulacrum               Ice/Necr       1%         N/A       100%        6
 Summon Cactus Giant      Summ           1%         N/A       100%        6
 Enfeeble                 Hex            1%         N/A       100%        7
 Orb of Destruction       Conj           1%         9d5       100%        7
 Spellforged Servitor     Conj/Summ      1%         N/A       100%        7
 Maxwell's Capacitive Co  Air            1%         ∞         100%        8

Inventory:

Hand Weapons
 A - the +6 hand axe "Omelette" {flame, rElec SInv}

   It burns those it strikes, dealing additional fire damage.
   Big, fiery blades are also staple armaments of hydra-hunters.
   rElec:     It insulates you from electricity.
   SInv:      It lets you see invisible.
Missiles
 v - a throwing net {=f}
 O - a curare-tipped dart {=f}
Armour
 x - a +0 cloak (worn)
 J - a +0 pair of gloves of dexterity (melded)
Magical Staves
 u - a staff of air
 K - a staff of earth
Jewellery
 d - a ring of poison resistance
 C - a ring of fire
 H - an amulet of regeneration (around neck)
 N - a +4 ring of evasion (right blade hand)
 Q - a ring of fire
 S - a ring of wizardry
 T - the ring of the Tortoise (left blade hand) {AC+8}

   [ring of protection]

   AC:        It affects your AC (+8).
Wands
 k - a wand of iceblast (10)
 w - a wand of digging (5)
 D - a wand of flame (13)
 P - a wand of paralysis (14)
 R - a wand of light (4)
Scrolls
 e - a scroll of vulnerability {!r}
 f - 2 scrolls of blinking
 g - 4 scrolls of noise {!r}
 j - 5 scrolls of poison {!r}
 m - 2 scrolls of fear
 q - 3 scrolls of magic mapping
 r - 6 scrolls of teleportation {@r4}
 s - a scroll of butterflies
 t - 7 scrolls of enchant weapon
 z - a scroll of immolation {!r}
 G - 2 scrolls of enchant armour
 I - 4 scrolls of amnesia
Potions
 a - 4 potions of heal wounds {@q2}
 b - a potion of magic {unknown}
 c - 3 potions of haste {@q3}
 h - 2 potions of attraction {!q}
 i - a potion of degeneration {unknown}
 l - 7 potions of curing {@q1}
 n - a potion of invisibility
 o - a potion of lignification {unknown}
 p - 2 potions of cancellation {unknown}
 B - 2 potions of resistance {unknown}
 F - 3 potions of brilliance {unknown}
 L - a potion of flight {unknown}
 M - 3 potions of mutation {!q}

Dungeon Overview and Level Annotations

Branches:
Dungeon (15/15)            Temple (0/1) D:6            Lair (0/5) D:11
    Orc (0/2) D:11         Vaults (0/5) D:14         Depths (2/4) D:15

Altars:
Ashenzari
Fedhas
Nemelex Xobeh
Qazlal
Uskayaw
The Shining One

Shops:
D:9 :?   D:13 **   D:15 *

Portals:
Trove: D:13 (give +2 ice dragon scales)

.▒ . .^........▒ .▒▒.
.......... .£N .........
..▒ ........▒ ..▒
........▒ ..▒
.>......▒▒▒▒▒▒▒▒▒▒..▒
................dy..▒▒▒.
....>....................
.........................
▒▒........▒▒▒▒▒▒▒▒▒▒▒....
▒........▒ .≈. ▒........▒
.. ▒........▒ .
▒........▒ ▒........▒


You could see a spark wasp.


Message History

The living lightning hits you!
The spark wasp blinks!
The spark wasp blinks!
You slash the spark wasp!
You tail-slap the spark wasp, but do no damage.
The spark wasp is moderately wounded.
The spark wasp stings you. The spark wasp shocks you!
You barely miss the spark wasp.
The spark wasp is lightly wounded.
The spark wasp stings you! The spark wasp shocks you!
You shred the spark wasp!!!
You tail-slap the spark wasp, but do no damage.
The spark wasp is almost dead.
You hear a shout!
You hear a shout!
You hear a roar!
You hear a roar!
You hear a shout!
The spark wasp stings you!!
* * * LOW HITPOINT WARNING * * *
The spark wasp shocks you!
* * * LOW HITPOINT WARNING * * *
You barely miss the spark wasp.
The spark wasp is almost dead.
The spark wasp stings you!
* * * LOW HITPOINT WARNING * * *
The spark wasp shocks you!
You die...

Action                   |  1- 3 |  4- 6 |  7- 9 | 10-12 | 13-15 || total
-------------------------+-------+-------+-------+-------+-------++-------
Melee: Unarmed           |   139 |    96 |   294 |   516 |   346 ||  1391
       Tailslap          |    17 |    11 |    64 |    90 |    81 ||   263
       Punch             |     6 |     2 |    22 |    65 |    45 ||   140
       Bite              |       |       |       |       |    37 ||    37
 Cast: Blade Hands       |       |       |       |    43 |    51 ||    94
 Abil: Breathe Acid      |       |       |     2 |     1 |       ||     3
       End Transformatio |       |       |       |     4 |       ||     4
Evoke: Wand              |       |     7 |       |     6 |    13 ||    26
  Use: Potion            |       |     4 |       |       |       ||     4
       Scroll            |       |       |     6 |     7 |     8 ||    21
 Stab: Sleeping          |     1 |       |       |       |       ||     1
       Invisible         |       |     1 |       |       |       ||     1
       Distracted        |       |     1 |       |       |       ||     1
Armor: Skin              |    47 |    28 |    79 |    75 |    69 ||   298
Dodge: Dodged            |    79 |    44 |   176 |   439 |   287 ||  1025

Levels and vault maps discovered:
D:1:      dpeg_arrival_arbitrary_b, layout_basic,
          shapermc_ecumenical_altar_acropolis
D:2:      layout_basic, minmay_diced_spiral, uniq_robin, uniq_jessica,
          uniq_sigmund
D:3:      layout_basic, vehumet_crystals, mainiacjoe_overflow_tiny_flanked,
          uniq_terence, uniq_grinder
D:4:      layout_cave_pools, nicolae_overflow_hidden_temple, uniq_menkaure
D:5:      layout_rooms, mainiacjoe_overflow_alcove_1, uniq_blork_the_orc
D:6:      layout_gridville, minmay_temple_entry_tees, uniq_maggie
D:7:      layout_basic, lemuel_doored_altar, minmay_manual_mullet,
          uniq_crazy_yiuf_cottage
D:8:      kennysheep_windowed_halls, layout_gridville, grunt_ministairs_14
D:9:      layout_long_grid, serial_shops, shop, nicolae_shop_vocational
D:10:     minmay_quarter_circles, layout_irregular_city,
          biasface_ghost_orc_armoury, lightli_minifort, uniq_urug
D:11:     layout_basic, lair_entry_dummy, orc_0_dummy, nemelex_altar_shiori
D:12:     layout_cave_pods, uniq_lodul, uniq_rupert
D:13:     layout_basic, enter_trove_0, nicolae_specific_store,
          ashenzari_conservatory_becter
D:14:     layout_roguey, hangedman_vaults_entry_quadrant_bands, fedhas_altar_4
D:15:     grunt_enter_depths_snipers, layout_long_grid,
          minmay_misc_feat_four_crosses, nicolae_elemental_shop
Depths:1: layout_small_grid, serial_shops, nicolae_square_shop, hellmouth_3,
          nicolae_ru_the_path_less_chosen, drop_trap, kennysheep_generic_room_7
Depths:2: kennysheep_spiral_hall, layout_cave_shapes, enter_ziggurat_b,
          pf_hell_entry_great_geh, rand_demon_pan_entry_7,
          amcnicky_mini_rare_corridor_liquid, infiniplex_staircase_zigzag_4

Notes
Turn   | Place    | Note
-------+----------+-------------------------------------------
     0 | D:1      | sanka the Draconian Monk began the quest for the Orb.
     0 | D:1      | Reached XP level 1. HP: 19/19 MP: 1/1
    95 | D:1      | HP: 1/19 [kobold/+0 club (2)]
   424 | D:1      | Reached XP level 2. HP: 26/26 MP: 2/2
   429 | D:1      | Found a faded altar of an unknown god.
   648 | D:1      | Reached XP level 3. HP: 25/33 MP: 3/3
   724 | D:1      | Reached skill level 4 in Unarmed Combat
   870 | D:2      | Noticed Jessica
  1003 | D:2      | Reached skill level 4 in Fighting
  1124 | D:2      | Reached XP level 4. HP: 22/40 MP: 4/4
  1258 | D:2      | Noticed Sigmund
  1311 | D:2      | Noticed Robin
  1456 | D:1      | Killed Robin
  1962 | D:2      | Killed Sigmund
  1963 | D:2      | Reached skill level 6 in Unarmed Combat
  1963 | D:2      | Reached XP level 5. HP: 9/46 MP: 5/5
  1988 | D:2      | Reached XP level 6. HP: 13/52 MP: 6/6
  2409 | D:2      | Killed Jessica
  2442 | D:3      | Found a glowing golden altar of the Shining One.
  2462 | D:3      | Became a worshipper of the Shining One
  2462 | D:3      | Reached * piety under the Shining One
  2462 | D:3      | Reached ** piety under the Shining One
  2652 | D:3      | Noticed Grinder
  3118 | D:4      | Noticed Menkaure
  3133 | D:4      | Killed Menkaure
  3134 | D:4      | Reached skill level 7 in Unarmed Combat
  3384 | D:4      | Your scales start taking on a golden yellow colour.
  3384 | D:4      | Reached XP level 7. HP: 55/59 MP: 7/7
  3384 | D:4      | Gained mutation: You are resistant to acid. (rCorr) [Yellow
                  | Draconian growth]
  3486 | D:4      | Reached skill level 8 in Unarmed Combat
  3817 | D:4      | Found a broken altar of Ashenzari.
  3954 | D:5      | Entered Level 5 of the Dungeon
  4266 | D:5      | Reached skill level 9 in Unarmed Combat
  4355 | D:5      | Found a hide-covered altar of Uskayaw.
  4384 | D:5      | Reached XP level 8. HP: 60/66 MP: 8/8
  4513 | D:5      | Noticed Blork the orc
  4533 | D:5      | Killed Blork the orc
  4534 | D:5      | Reached skill level 10 in Unarmed Combat
  4938 | D:5      | Reached skill level 3 in Dodging
  5144 | D:3      | Noticed Terence
  5151 | D:3      | Killed Terence
  5159 | D:3      | Paralysed by Grinder for 4 turns
  5166 | D:3      | Killed Grinder
  5596 | D:6      | Reached skill level 5 in Fighting
  5906 | D:6      | Identified +0 steam dragon scales
  5907 | D:6      | Reached skill level 4 in Dodging
  5907 | D:6      | Reached skill level 11 in Unarmed Combat
  5907 | D:6      | Reached XP level 9. HP: 39/74 MP: 9/9
  6271 | D:6      | Found a staircase to the Ecumenical Temple.
  6297 | D:6      | Noticed a kobold demonologist
  6305 | D:6      | Noticed a smoke demon
  6309 | D:6      | Noticed a sixfirhy
  6311 | D:6      | Killed a kobold demonologist
  6489 | D:6      | Identified +0 steam dragon scales
  6489 | D:6      | Noticed Maggie
  6506 | D:6      | Killed Maggie
  6507 | D:6      | Reached skill level 6 in Fighting
  7356 | D:7      | Found a stormy altar of Qazlal.
  7468 | D:7      | Reached skill level 1 in Transmutations
  7532 | D:7      | Noticed a troll
  7540 | D:7      | Killed a troll
  7541 | D:7      | Reached skill level 5 in Dodging
  7541 | D:7      | Reached skill level 12 in Unarmed Combat
  7728 | D:7      | Reached skill level 2 in Transmutations
  7912 | D:7      | Learned a level 5 spell: Blade Hands
  8230 | D:7      | Found a runed translucent door.
  8231 | D:7      | Noticed Crazy Yiuf
  8238 | D:7      | Killed Crazy Yiuf
  8353 | D:8      | Reached XP level 10. HP: 66/84 MP: 10/10
  8440 | D:8      | Reached skill level 3 in Transmutations
  8635 | D:8      | Reached skill level 7 in Fighting
  8705 | D:8      | Reached *** piety under the Shining One
  8844 | D:8      | Reached skill level 4 in Transmutations
  8965 | D:8      | Identified the +6 hand axe "Omelette" {flame, rElec SInv}
  8966 | D:8      | Reached skill level 5 in Transmutations
  8966 | D:8      | Noticed a two-headed ogre
  8970 | D:8      | Identified +0 acid dragon scales
  8982 | D:8      | Killed a two-headed ogre
  8983 | D:8      | Reached skill level 6 in Transmutations
  9449 | D:8      | Reached skill level 7 in Transmutations
  9452 | D:8      | Noticed a deep elf pyromancer
  9459 | D:8      | Killed a deep elf pyromancer
  9465 | D:8      | Noticed a boulder beetle
 10151 | D:9      | Reached skill level 8 in Transmutations
 10334 | D:9      | Found Fypt's Magic Scroll Boutique.
 10343 | D:9      | Bought a scroll of identify for 24 gold pieces
 10343 | D:9      | Bought a scroll of teleportation for 36 gold pieces
 10529 | D:8      | Reached skill level 9 in Transmutations
 10790 | D:8      | Killed a boulder beetle
 10791 | D:8      | Reached XP level 11. HP: 92/92 MP: 5/11
 11191 | D:9      | Reached skill level 6 in Dodging
 11401 | D:9      | Found Tuuqo's Vocational Training.
 11455 | D:9      | Identified the +3 ring mail "Tinafeit" {rC+ rCorr Int+3}
 11654 | D:10     | Entered Level 10 of the Dungeon
 11755 | D:10     | Noticed Urug
 11771 | D:10     | Killed Urug
 11772 | D:10     | Reached skill level 10 in Transmutations
 12055 | D:10     | Reached skill level 1 in Spellcasting
 12227 | D:10     | Found a runed translucent gate.
 12227 | D:10     | Noticed ioannis32's ghost (journeyman DsBe)
 12228 | D:10     | Found a runed translucent gate.
 12228 | D:10     | Found a runed translucent gate.
 12506 | D:10     | Reached **** piety under the Shining One
 12517 | D:10     | Reached skill level 13 in Unarmed Combat
 12524 | D:10     | Identified +0 steam dragon scales
 12532 | D:10     | Reached skill level 7 in Dodging
 12592 | D:10     | Identified +0 steam dragon scales
 12595 | D:10     | Noticed a tengu warrior
 12596 | D:10     | Reached skill level 8 in Fighting
 12596 | D:10     | Reached skill level 2 in Spellcasting
 12601 | D:10     | Killed a tengu warrior
 12697 | D:10     | Noticed a purple ugly thing
 12822 | D:10     | Noticed a two-headed ogre
 12829 | D:10     | Killed a two-headed ogre
 12997 | D:10     | Killed a purple ugly thing
 12998 | D:10     | Reached skill level 8 in Dodging
 12998 | D:10     | Reached skill level 3 in Spellcasting
 13099 | D:10     | Reached XP level 12. HP: 101/103 MP: 10/16
 13100 | D:10     | Noticed a two-headed ogre
 13100 | D:10     | Paralysed by a hornet for 2 turns
 13104 | D:10     | Killed a two-headed ogre
 13108 | D:10     | Noticed a two-headed ogre
 13126 | D:10     | Killed a two-headed ogre
 13298 | D:10     | Reached skill level 14 in Unarmed Combat
 13299 | D:10     | Noticed an eight-headed hydra
 13310 | D:10     | Killed an eight-headed hydra
 13479 | D:10     | Reached skill level 9 in Fighting
 13498 | D:10     | Killed ioannis32's ghost
 13499 | D:10     | Reached skill level 4 in Spellcasting
 13700 | D:11     | Reached skill level 9 in Dodging
 13742 | D:11     | Found a staircase to the Orcish Mines.
 13771 | D:11     | Reached ***** piety under the Shining One
 13819 | D:11     | Found a sparkling altar of Nemelex Xobeh.
 13857 | D:11     | Noticed an eight-headed hydra
 13868 | D:11     | Killed an eight-headed hydra
 14077 | D:11     | Found a staircase to the Lair.
 14226 | D:11     | Noticed a seven-headed hydra
 14242 | D:11     | Killed a seven-headed hydra
 14523 | D:12     | Noticed a two-headed ogre
 14527 | D:12     | Killed a two-headed ogre
 14566 | D:12     | Noticed Lodul
 14601 | D:12     | Killed Lodul
 14842 | D:12     | Reached skill level 10 in Dodging
 14842 | D:12     | Reached skill level 11 in Transmutations
 14921 | D:12     | Reached skill level 15 in Unarmed Combat
 14921 | D:12     | Reached XP level 13. HP: 113/113 MP: 14/19
 14986 | D:12     | Noticed Rupert
 14995 | D:12     | Killed Rupert
 14996 | D:12     | Reached skill level 10 in Fighting
 15170 | D:12     | Identified the +3 rapier "Suarokir" {vorpal, rC+ Dex+5}
 15873 | D:13     | Identified a scroll of acquirement
 15874 | D:13     | Acquired 693 gold pieces
 15992 | D:9      | Bought a manual of Invocations for 1120 gold pieces
 16106 | D:13     | Reached skill level 2 in Invocations
 16118 | D:13     | Reached skill level 3 in Invocations
 16193 | D:13     | Reached skill level 4 in Invocations
 16276 | D:13     | Reached skill level 5 in Invocations
 16385 | D:13     | Reached skill level 6 in Invocations
 16431 | D:13     | Found a portal to a secret trove of treasure.
 16530 | D:13     | Found a broken altar of Ashenzari.
 16557 | D:13     | Reached skill level 7 in Invocations
 16902 | D:13     | Found Kioghuw's General Store.
 16904 | D:13     | Found Yhedympesit's Specific Store.
 16910 | D:13     | Reached skill level 8 in Invocations
 17161 | D:14     | Reached skill level 9 in Invocations
 17172 | D:14     | Reached skill level 10 in Invocations
 17303 | D:14     | Found a blossoming altar of Fedhas.
 17536 | D:14     | Reached skill level 11 in Dodging
 17575 | D:14     | Reached skill level 11 in Invocations
 18051 | D:14     | Gained mutation: You have acidic saliva. [Yellow Draconian
                  | growth]
 18051 | D:14     | Reached XP level 14. HP: 122/122 MP: 16/22
 18511 | D:14     | Found a gate to the Vaults.
 18568 | D:15     | Entered Level 15 of the Dungeon
 18696 | D:15     | Reached ****** piety under the Shining One
 18899 | D:15     | Found Beru's Elemental Accessories.
 18938 | D:15     | Reached skill level 12 in Invocations
 19242 | D:15     | Reached skill level 12 in Dodging
 19419 | D:15     | Reached skill level 11 in Fighting
 19466 | D:15     | Reached skill level 16 in Unarmed Combat
 19475 | D:15     | Acquired the ring of the Tortoise {AC+8}
 19475 | D:15     | Found the ring of the Tortoise {AC+8}
 19582 | D:15     | Found a staircase to the Depths.
 19582 | D:15     | Noticed a frost giant
 19589 | D:15     | Killed a frost giant
 19590 | D:15     | Reached skill level 12 in Transmutations
 19818 | Depths:1 | Entered Level 1 of the Depths
 20012 | Depths:1 | Noticed a fire giant
 20025 | Depths:1 | Killed a fire giant
 20177 | Depths:2 | Reached skill level 13 in Dodging
 20204 | Depths:1 | Noticed a stone giant
 20210 | Depths:1 | Killed a stone giant
 20216 | Depths:1 | Slain by a spark wasp

Vanquished Creatures
  Rupert (D:12)
  A frost giant (D:15)
  A fire giant (Depths:1)
  A stone giant (Depths:1)
  A fire dragon (Depths:2)
  6 hydras
  An ogre mage (D:14)
  A catoblepas (D:13)
  4 centaur warriors
  5 boulder beetles
  The ghost of ioannis32 the Cudgeller, a journeyman DsBe of Trog (D:10)
  7 two-headed ogres
  6 tengu warriors
  A deep troll earth mage (Depths:1)
  A vampire mage (Depths:1)
  Urug (D:10)
  A deep elf knight (D:14)
  4 deep trolls (Depths:1)
  5 skeletal warriors (D:14)
  Lodul (D:12)
  2 deep elf zephyrmancers (D:14)
  A tengu zombie (Depths:2)
  A necromancer (Depths:2)
  6 deep elf pyromancers
  9 cyclopes
  3 ugly things
  A manticore (shapeshifter) (D:13)
  3 manticores
  A storm dragon simulacrum (Depths:2)
  Maggie (D:6)
  4 gargoyles
  4 centaur skeletons (D:14)
  2 efreet
  3 yaktaurs (D:14)
  2 freezing wraiths
  A kobold demonologist (D:6)
  A tengu conjurer (D:14)
  3 trolls
  2 hornets (D:10)
  10 slime creatures (D:15)
  Grinder (D:3)
  Sigmund (D:2)
  2 vampires (D:10)
  A centaur simulacrum (D:15)
  3 wraiths
  5 wyverns
  17 yaks
  A water elemental (D:13)
  4 shadows
  2 basilisks
  5 steam dragons
  A basilisk (shapeshifter) (D:15)
  9 vampire mosquitoes
  Menkaure (D:4)
  2 acid dragons
  2 water moccasins (D:5)
  A glowing shapeshifter skeleton (Depths:2)
  10 orc warriors
  4 sky beasts
  2 black bears
  3 ice beasts
  13 ogres
  10 centaurs
  4 boggarts (D:15)
  A phantom (D:7)
  Blork the orc (D:5)
  3 kobold brigands
  5 bullfrogs
  A necrophage (D:7)
  A gnoll sergeant (D:9)
  2 wights (D:7)
  17 killer bees
  2 electric eels (D:13)
  6 howler monkeys
  3 hounds
  2 jellies
  5 orc priests
  2 gnoll boudas
  Terence (D:3)
  Crazy Yiuf (D:7)
  Jessica (D:2)
  6 iguanas
  5 orc wizards
  Robin (D:1)
  10 gnolls
  6 adders
  A shadow imp (D:8)
  2 white imps
  4 worms
  2 dart slugs (D:1)
  37 orcs
  9 bats
  4 endoplasms
  4 giant cockroaches
  11 goblins
  13 hobgoblins
  3 jackals (D:1)
  8 kobolds
  6 quokkas
  2 ball pythons (D:2)
  3 frilled lizards (D:1)
  2 rats (D:2)
407 creatures vanquished.
